 Dungeon Crawl Stone Soup version 0.30-a0-782-ge64f9170bb (webtiles) character file.

Game seed: 13598645791844504658

77 sanka the Shooter (level 3, -1/31 HPs)
             Began as a Demigod Hunter on Feb 23, 2023.
             Slain by an orc wizard
             ... wielding a +0 dagger
              (4 damage)
             ... on level 3 of the Dungeon.
             The game lasted 00:02:11 (1823 turns).

sanka the Shooter (Demigod Hunter)                  Turns: 1823, Time: 00:02:12

Health: -1/31      AC:  3    Str: 12    XL:     3   Next: 91%
Magic:  5/5        EV: 12    Int: 11    God:
Gold:   164        SH:  0    Dex: 21    Spells: 2/2 levels left

rFire   + . .      SeeInvis .    a - +0 shortbow
rCold   + . .      Faith    .    (shield currently unavailable)
rNeg    . . .      Spirit   .    c - +0 leather armour
rPois   +          Reflect  .    (no helmet)
rElec   +          Harm     .    (no cloak)
rCorr   +          Rampage  .    (no gloves)
Will    .....                    (no boots)
Stlth   ++                       (no amulet)
HPRegen 0.25/turn                h - +4 ring of slaying
MPRegen 0.09/turn                d - ring of poison resistance

@: mighty, resistant, attractive
A: high MP 1, forlorn, divine attributes
a: no special abilities


You were on level 3 of the Dungeon.
You visited 1 branch of the dungeon, and saw 3 of its levels.

You collected 164 gold pieces.


Innate Abilities, Weirdness & Mutations

You have an increased reservoir of magic. (+10% MP)
You shall have no god before yourself.
Your divine heritage dramatically boosts your attributes as you level up.


   Skills:
 + Level 3.1 Fighting
 + Level 4.4 Ranged Weapons
 - Level 1.7 Dodging
 - Level 0.8 Stealth


You had 2 spell levels left.
You didn't know any spells.
Your spell library contained the following spells:

 Spells                   Type           Power      Damage    Failure   Level
 Portal Projectile        Hex/Tloc       0%         N/A       80%         3
 Tukima's Dance           Hex            0%         N/A       80%         3
 Blade Hands              Tmut           0%         N/A       100%        5

Inventory:

Hand Weapons
 a - a +0 shortbow (weapon)
Armour
 c - a +0 leather armour (worn)
Jewellery
 d - a ring of poison resistance (right hand)
 h - a +4 ring of slaying (left hand)
Scrolls
 b - 2 scrolls of immolation {!r}
 g - a scroll of enchant weapon {unknown}
 l - a scroll of amnesia {unknown}
 n - a scroll of noise {unknown}
 o - a scroll of identify {unknown}
Potions
 e - a potion of mutation {unknown}
 f - a potion of might
 k - a potion of cancellation {unknown}

Dungeon Overview and Level Annotations

Branches:
Dungeon (3/15)

▒.▒ ▒▒.▒▒▒...▒▒.. ▒.▒
▒...........▒ ▒.▒
▒..▒▒▒▒▒.▒▒▒▒ ▒.▒ ▒..▒
▒.▒ ▒.▒ ▒..▒ ▒.▒ ▒.▒
▒..▒ ▒.▒ ▒.▒ ▒..▒ ▒.▒
▒▒▒.▒▒▒▒▒▒▒▒▒..▒ ▒▒▒.▒
▒▒▒▒▒▒▒......{p......▒
▒..†▒
.....>....▒▒▒▒▒▒▒▒▒.▒▒
▒.▒▒▒ ▒▒▒▒▒▒▒.▒▒▒ ▒.▒
▒.▒ ▒▒▒▒▒▒▒▒▒.▒▒▒▒
▒.▒▒▒▒.▒▒▒▒▒▒
▒............▒
▒.....<.....▒
.....▒▒.▒▒▒▒.▒
▒▒▒▒▒▒.▒▒▒▒.▒
▒.▒▒.▒▒.▒ ▒
▒.........▒ ▒.▒▒.▒▒.▒
▒.▒▒.▒▒▒▒.▒ ▒.▒▒.▒▒.▒
▒.▒▒.▒ ▒.▒


There were no monsters in sight!


Message History

You are confused.
It was a potion of might.
You feel very mighty all of a sudden.
It was a potion of attraction.
You feel attractive to monsters. Something is attracted toward you.
Unknown command.
It was a potion of resistance.
You feel protected. Something hits you.
* * * LOW HITPOINT WARNING * * *
It was a potion of curing.
Something hits you.
* * * LOW HITPOINT WARNING * * *
You shoot an arrow. Something hits you but does no damage.
You shoot an arrow. Something hits you.
* * * LOW HITPOINT WARNING * * *
You hear some strange, mumbled words.
A puff of flame appears from out of thin air!
The puff of flame hits you. You resist.
* * * LOW HITPOINT WARNING * * *
You shoot an arrow. Something hits you.
* * * LOW HITPOINT WARNING * * *
You shoot an arrow. Something hits you.
You die...

Action                     || total
---------------------------++-------
   Fire: Shortbow          ||   103
    Use: Potion            ||     4
 Armour: Leather armour    ||    11
  Dodge: Dodged            ||     9

Levels and vault maps discovered:
D:1:      shiori_arrival_maze, layout_basic, chequers_ecumenical_altar_lobes,
          minmay_gold_behind_fungi, nicolae_concentric_dashed_squares_wild
D:2:      layout_basic
D:3:      layout_loops_ring

Notes
Turn   | Place    | Note
-------+----------+-------------------------------------------
     0 | D:1      | sanka the Demigod Hunter began the quest for the Orb.
     0 | D:1      | Reached XP level 1. HP: 17/17 MP: 3/3
    48 | D:1      | Reached skill level 2 in Fighting
   164 | D:1      | Reached XP level 2. HP: 24/24 MP: 4/4
   251 | D:1      | Reached skill level 4 in Ranged Weapons
   984 | D:2      | Reached XP level 3. HP: 30/30 MP: 5/5
  1634 | D:3      | Reached skill level 3 in Fighting
  1818 | D:3      | Identified a potion of resistance
  1822 | D:3      | HP: 2/31 [something (2)]
  1823 | D:3      | Slain by an orc wizard

Vanquished Creatures
  2 adders
  2 worms (D:2)
  A dart slug (D:2)
  2 orcs (D:3)
  9 bats
  4 endoplasms
  4 goblins
  3 hobgoblins (D:1)
  A jackal (D:3)
  5 kobolds
  6 ball pythons
  5 frilled lizards
  5 rats
49 creatures vanquished.

Vanquished Creatures (others)
  4 toadstools (D:1)
4 creatures vanquished.

Grand Total: 53 creatures vanquished
